 Dungeon Crawl Stone Soup version 0.25-a0-156-g0c4bda3fdf (webtiles) character file.

Game seed: 17165375970791107129, levelgen mode: deterministic

78 Leeroy the Slasher (level 4, -2/36 HPs)
             Began as a Draconian Skald on Nov 20, 2019.
             Was an Initiate of Okawaru.
             Slain by Grinder (7 damage)
             ... on level 3 of the Dungeon.
             The game lasted 00:04:22 (2506 turns).

Leeroy the Slasher (Draconian Skald)                Turns: 2506, Time: 00:04:22

Health: -2/36      AC:  5    Str: 14    XL:     4   Next: 15%
Magic:  4/7        EV: 12    Int: 13    God:    Okawaru [......]
Gold:   143        SH:  0    Dex: 11    Spells: 4/7 levels left

rFire    . . .     SeeInvis .   q - +1 rapier
rCold    . . .     Gourm    .   (no shield)
rNeg     . . .     Faith    .   (armour unavailable)
rPois    .         Spirit   .   (helmet restricted)
rElec    .         Reflect  .   (no cloak)
rCorr    .         Harm     .   (no gloves)
MR       .....                  (no boots)
Stlth    +.........             (no amulet)
HPRegen  0.12/turn              (no ring)
MPRegen  0.10/turn              (no ring)

@: very slightly contaminated
A: unfitting armour, cold-blooded, AC +5
a: Renounce Religion


You were on level 3 of the Dungeon.
You worshipped Okawaru.
Okawaru was noncommittal.
You were hungry.

You visited 1 branch of the dungeon, and saw 3 of its levels.

You collected 143 gold pieces.

Inventory:

Hand Weapons
 a - a +0 falchion
 j - a +0 dagger
 q - a +1 rapier (weapon)
Missiles
 d - 45 bolts
 n - 60 stones (quivered)
Scrolls
 h - a scroll of immolation {unknown}
 m - a scroll of teleportation {unknown}
 p - a scroll of remove curse {unknown}
Potions
 b - a potion of mutation {unknown}
 f - a potion of berserk rage {unknown}
 g - 2 potions of haste {unknown}
 k - a potion of heal wounds {unknown}
 o - a potion of cancellation {unknown}
 r - a potion of agility {unknown}
Comestibles
 c - 5 rations


   Skills:
 - Level 2.1 Fighting
 + Level 4.5 Long Blades
 - Level 2.1 Dodging
 - Level 2.0 Spellcasting
 - Level 2.6 Charms


You had 4 spell levels left.
You knew the following spells:

 Your Spells              Type           Power        Failure   Level  Hunger
b - Spectral Weapon       Hex/Chrm       #.......     41%         3    ####...

Your spell library contained the following spells:

 Spells                   Type           Power        Failure   Level  Hunger
 Infusion                 Chrm           #...         9%          1    ##.....
 Song of Slaying          Chrm           #.......     13%         2    ###....
 Shroud of Golubria       Chrm/Tloc      #.....       22%         2    ###....
 Regeneration             Chrm/Necr      #.........   41%         3    ####...


Dungeon Overview and Level Annotations

Branches:
Dungeon (3/15)

Altars:
Elyvilon
Fedhas
Okawaru
Sif Muna
Uskayaw
Vehumet
Wu Jian

Annotations:
D:3 Grinder


Innate Abilities, Weirdness & Mutations

Your plain brown scales are hard. (AC +5)
You cannot fit into any form of body armour.
You are cold-blooded and may be slowed by cold attacks.


Message History

Grinder barely misses you.
Grinder says, "Just stop there for a second..."
Grinder gestures at you.
You suddenly lose the ability to move!
Grinder hits you.
You writhe in agony.
* * * LOW HITPOINT WARNING * * *
Grinder gestures at you.
You shrug off the repeated paralysis!
Grinder hits you.
* * * LOW HITPOINT WARNING * * *
You can move again.
Unknown command.
Unknown command.
Unknown command.
Unknown command.
As you read the scroll labeled DOLICW RIANOUG, it crumbles to dust.
It is a scroll of amnesia.
Forget Infusion, freeing 1 spell level for a total of 4?
Your memory of Infusion unravels.
Grinder hits you!
You die...

.##......)###.### ###.####.##
.##.............. #.####.##
.##.............. #.#......
.##.............. #.#.##.##
.##....รท......... #.#. #...
.########.###### #.#. #.## .#
#.# #.#. #..#
########.###############.#.##..#
...............@5......#.#..#...
########.#############.#.#..#.#.
#.....# #.#.#...... #####.#
#.#.#...### #.# #.#.#...### #.#
#.#.#...... #.# #.#.#..#### #.#
#.#.#.#<..# #.# #.#.#.....#


You could see Grinder.

Vanquished Creatures
  A hound skeleton (D:2)
  2 adders
  A worm (D:3)
  2 leopard geckos
  2 giant cockroaches
  4 goblins
  7 hobgoblins
  A quokka (D:3)
  5 bats
  4 frilled lizards
  6 kobolds (D:2)
  10 rats
45 creatures vanquished.

Notes
Turn   | Place    | Note
-------+----------+-------------------------------------------
     0 | D:1      | Leeroy the Draconian Skald began the quest for the Orb.
     0 | D:1      | Reached XP level 1. HP: 17/17 MP: 3/3
   571 | D:1      | Reached XP level 2. HP: 24/24 MP: 5/5
   985 | D:2      | Reached skill level 3 in Long Blades
  1028 | D:2      | Found a blossoming altar of Fedhas.
  1033 | D:2      | Found a hide-covered altar of Uskayaw.
  1034 | D:2      | Found a shimmering blue altar of Sif Muna.
  1035 | D:2      | Found an ornate altar of the Wu Jian Council.
  1036 | D:2      | Found a radiant altar of Vehumet.
  1037 | D:2      | Found an iron altar of Okawaru.
  1043 | D:2      | Became a worshipper of Warmaster Okawaru
  1270 | D:2      | Reached XP level 3. HP: 17/29 MP: 6/6
  1591 | D:2      | Reached skill level 4 in Long Blades
  1612 | D:2      | HP: 1/29 [giant cockroach (2)]
  1765 | D:2      | Learned a level 3 spell: Spectral Weapon
  2059 | D:3      | Reached XP level 4. HP: 24/36 MP: 7/7
  2375 | D:3      | Found a white marble altar of Elyvilon.
  2476 | D:3      | Noticed Grinder
  2501 | D:3      | Paralysed by Grinder for 5 turns
  2506 | D:3      | Slain by Grinder

Levels and vault maps discovered:
D:1:      wheals_arrival_linesprint, layout_loops_corners, minivault_24
D:2:      layout_basic, minitemple
D:3:      layout_basic, lemuel_coloured_pillars_altar, uniq_jessica,
          uniq_grinder

Skill      XL: |  1  2  3 |
---------------+----------+-----
Long Blades    | 3 4 |  4.5
Fighting       | |  2.1
Dodging        | |  2.1
Spellcasting   | |  2.0
Charms         | |  2.6

Action                   |  1- 3 |  4- 6 || total
-------------------------+-------+-------++-------
Melee: Falchion          |   134 |       ||   134
       Tailslap          |    13 |     1 ||    14
       Rapier            |       |    13 ||    13
 Cast: Infusion          |     2 |       ||     2
       Spectral Weapon   |     1 |       ||     1
  Use: Scroll            |       |     3 ||     3
 Stab: Sleeping          |     1 |       ||     1
  Eat: Chunk             |     3 |     2 ||     5
Armor: Skin              |    47 |     6 ||    53
Dodge: Dodged            |    91 |    10 ||   101
       Rpst.: Falchion   |    30 |       ||    30

Table legend:
 A = Non-vault XP
 B = Vault XP
 C = Vault XP percentage of total XP
 D = Non-vault monster count
 E = Vault monster count
 F = Vault count percentage of total count
                 A         B        C        D         E       F
            +---------+---------+-------+---------+---------+-------
      Total |     112 |       0 |   0.0 |      45 |       0 |   0.0
            +---------+---------+-------+---------+---------+-------
        D:1 |      16 |       0 |   0.0 |      10 |       0 |   0.0
        D:2 |      61 |       0 |   0.0 |      22 |       0 |   0.0
        D:3 |      35 |       0 |   0.0 |      13 |       0 |   0.0
            +---------+---------+-------+---------+---------+-------
